 Dungeon Crawl Stone Soup version 0.32-a0-871-ge202e49faa (webtiles) character file.

Game seed: 9568220333771381845

72 Griffin23 the Covered (level 4, 0/41 HPs)
             Began as a Minotaur Fighter on Mar 30, 2024.
             Incinerated by a bombardier beetle (4 damage)
             ... with a burning spray
             ... on level 2 of the Dungeon.
             The game lasted 00:00:50 (974 turns).

Griffin23 the Covered (Minotaur Fighter)             Turns: 974, Time: 00:00:51

Health: 0/41       AC:  7    Str: 22    XL:     4   Next: 7%
Magic:  3/3        EV:  8    Int:  5    God:
Gold:   63         SH:  4    Dex: 10    Spells: 3/3 levels left

rFire   . . .        a - +0 long sword
rCold   . . .        c - +0 buckler
rNeg    . . .        b - +0 scale mail
rPois   .            (helmet restricted)
rElec   .            (no cloak)
rCorr   .            (no gloves)
SInv    .            (no boots)
Will    .....        (no amulet) Stlth
                     (no ring)
HPRegen 0.26/turn    (no ring)
MPRegen 0.08/turn

%: no passive effects
@: on fire, glowing
A: horns 2, retaliatory headbutt
a: no special abilities


You were on level 2 of the Dungeon.
You visited 1 branch of the dungeon, and saw 2 of its levels.

You collected 63 gold pieces.

Inventory:

Hand Weapons
 a - a +0 long sword (weapon)
Armour
 b - a +0 scale mail (worn)
 c - a +0 buckler (worn)
Scrolls
 e - 3 scrolls of identify {unknown}
 g - a scroll of poison {unknown}
 h - a scroll of silence {unknown}
 i - a scroll of fear {unknown}
Potions
 d - a potion of might
 f - a potion of resistance {unknown}
 j - a potion of attraction {unknown}


   Skills:
 + Level 4.3 Fighting
 + Level 3.3 Long Blades
 + Level 4.3 Armour
 + Level 4.3 Shields


You had 3 spell levels left.
You didn't know any spells.
Your spell library was empty.

Dungeon Overview and Level Annotations

Branches:
Dungeon (2/15)

Altars:
Ru


Innate Abilities, Weirdness & Mutations

You have a pair of horns on your head.
You reflexively headbutt those who attack you in melee.


Message History

You now have 57 gold pieces (gained 5).
You now have 63 gold pieces (gained 6).
A bombardier beetle comes into view.
Found a scroll labelled KOHEKLEQOZ.
The bombardier beetle sprays incendiary fluid at you.
The burning spray hits you.
You are covered in liquid fire!
You shake off some of the fire as you move.
The liquid fire burns you!
You shake off some of the fire as you move.
The liquid fire burns you!
The bombardier beetle bites you but does no damage.
You hit the bombardier beetle. You headbutt the bombardier beetle!
The bombardier beetle is heavily wounded.
The liquid fire burns you!
You hit the bombardier beetle.
The bombardier beetle is severely wounded.
The liquid fire burns you!
You block the bombardier beetle's attack.
You hit the bombardier beetle.
The bombardier beetle is almost dead.
The liquid fire burns you!
The bombardier beetle sprays incendiary fluid at you.
The burning spray hits you.
You are even more covered in liquid fire!
You are too injured to fight recklessly!
You are too injured to fight recklessly!
You are too injured to fight recklessly!
You hit the bombardier beetle.
You kill the bombardier beetle!
The liquid fire burns you!
* * * LOW HITPOINT WARNING * * *
You have reached level 4!
You feel agile.
You shake off some of the fire as you move.
The liquid fire burns you!
* * * LOW HITPOINT WARNING * * *
You shake off some of the fire as you move.
The liquid fire burns you!
You die...

#.......#
#######.# #.# #
#.# .# ###.##.#
#...#.. ##.##.#
.######....##.##.
.......@.........
#######...?##.##.
..........#
#####.###...# ..#
#### ####


There were no monsters in sight!

Vanquished Creatures
  A bombardier beetle (D:2)
  A gnoll (D:1)
  A dart slug (D:1)
  A ball python (D:2)
  An endoplasm (D:2)
  A giant cockroach (D:1)
  5 goblins (D:1)
  3 hobgoblins
  A quokka (D:1)
  2 bats (D:1)
  A frilled lizard (D:1)
  5 kobolds
  2 rats (D:1)
25 creatures vanquished.

Notes
Turn   | Place    | Note
-------+----------+-------------------------------------------
     0 | D:1      | Griffin23 the Minotaur Fighter began the quest for the Orb.
     0 | D:1      | Reached XP level 1. HP: 19/19 MP: 0/0
     4 | D:1      | Noticed an anaconda
    63 | D:1      | Noticed a black mamba
   151 | D:1      | Reached XP level 2. HP: 27/27 MP: 1/1
   385 | D:1      | Reached XP level 3. HP: 29/33 MP: 2/2
   814 | D:2      | Found a sacrificial altar of Ru.
   973 | D:2      | Reached XP level 4. HP: 9/41 MP: 3/3
   974 | D:2      | Incinerated by a bombardier beetle

Illustrated notes

Levels and vault maps discovered:
D:1:      sevenhm_arrival_forest_fort_small_2, layout_loops_ring,
          minmay_tetromino_s4
D:2:      layout_loops_ring, basic_altar, serial_shops,
          nicolae_shop_rolling_square

Skill      XL: |  1  2 |
---------------+-------+-----
Fighting       | 4 |  4.3
Long Blades    | 3 |  3.3
Armour         | 4 |  4.3
Shields        | 4 |  4.3

Action                     |  1- 3 |  4- 6 || total
---------------------------+-------+-------++-------
  Melee: Long sword        |    60 |       ||    60
         Headbutt          |     9 |       ||     9
 Armour: Scale mail        |    45 |       ||    45
  Dodge: Dodged            |    23 |       ||    23
  Block: Buckler           |    10 |       ||    10

Table legend: (Time is in decaauts)
 A = Elapsed time spent in this place.
 B = Non-inter-level travel time spent in this place.
 C = Inter-level travel time spent in this place.
 D = Time resting spent in this place.
 E = Time spent auto-exploring this place.
 F = Levels seen in this place.
 G = Mean time per level.
                   A        B        C        D        E       F      G
               +--------+--------+--------+--------+--------+-----+--------+
         Total |    991 |    934 |     57 |      0 |    759 |   2 |  495.5 |
       Dungeon |    991 |    934 |     57 |      0 |    759 |   2 |  495.5 |
               +--------+--------+--------+--------+--------+-----+--------+

Top non-repeatable levels by time:
     D:1: 827 daAuts
     D:2: 163 daAuts
